 Dungeon Crawl Stone Soup version 0.32-a0-981-g384da2ce10 (webtiles) character file.

Game seed: 667919512523052258

1154 GiantSquids the Changeling (level 8, -7/50 HPs)
             Began as an Octopode Shapeshifter on Apr 21, 2024.
             Was an Initiate of Yredelemnul.
             Mangled by a yak (14 damage)
             ... on level 5 of the Dungeon.
             The game lasted 00:13:24 (3405 turns).

GiantSquids the Changeling (Octopode Shapeshifter)  Turns: 3405, Time: 00:13:25

Health: -7/50      AC:  1    Str: 16    XL:     8   Next: 38%
Magic:  8/8        EV: 12    Int: 12    God:    Yredelemnul [......]
Gold:   139        SH:  0    Dex: 11    Spells: 7/7 levels left

rFire   . . .        q - +4 rapier (elec)
rCold   . . .        (no shield)
rNeg    . . .        (helmet currently unavailable)
rPois   .            (no amulet)
rElec   .            w - ring of resist corrosion
rCorr   +            (no ring)
SInv    .            (no ring)
Will    .....        (no ring)
Stlth   ++++         (no ring)
HPRegen 0.28/turn    (no ring)
MPRegen 0.11/turn    (no ring)
                     (no ring)

%: no passive effects
@: beast-form, wreathed by umbra
A: beast (slay +4), almost no armour, amphibious, 8 rings, camouflage 1,
gelatinous body 1, (nimble swimmer 1), tentacles
a: Begin Untransformation, Renounce Religion, Light the Black Torch, Recall
Undead Harvest


You were on level 5 of the Dungeon.
You worshipped Yredelemnul.
Yredelemnul was noncommittal.
You were a hulking beast.
You visited 2 branches of the dungeon, and saw 6 of its levels.

You collected 139 gold pieces.

Inventory:

Hand Weapons
 q - a +4 rapier of electrocution (weapon)
Missiles
 d - 3 poisoned darts (quivered)
 f - 4 curare-tipped darts
 n - 34 stones
Jewellery
 a - a ring of flight
 w - a ring of resist corrosion (left tentacle)
Talismans
 b - a beast talisman (active)
 c - a flux talisman
Wands
 p - a wand of iceblast (11)
 v - a wand of paralysis (4)
Scrolls
 g - a scroll of noise
 h - a scroll of fear {unknown}
 i - a scroll of amnesia {unknown}
 j - a scroll of revelation {unknown}
 k - a scroll of brand weapon {unknown}
 l - 2 scrolls of enchant armour
 o - 3 scrolls of identify
 r - a scroll of blinking {unknown}
 s - a scroll of vulnerability {unknown}
 t - a scroll of immolation {unknown}
 u - a scroll of teleportation {unknown}
Potions
 e - a potion of curing
 m - a potion of degeneration {unknown}


   Skills:
 + Level 2.3 Fighting
 + Level 3.0 Dodging
 - Level 4.0 Stealth
 * Level 4.4 Unarmed Combat
 + Level 7.9 Shapeshifting


You had 7 spell levels left.
You didn't know any spells.
Your spell library contained the following spells:

 Spells                   Type           Power      Damage    Failure   Level
 Cigotuvi's Dreadful Rot  Necr/Alch/Air  0%         N/A       45%         2
 Ignite Poison            Fire/Alch      0%         N/A       97%         4
 Freezing Cloud           Conj/Ice/Air   0%         6-21      100%        5
 Iskenderun's Battlesphe  Conj           0%         2d6       100%        5
 Bombard                  Conj/Erth      0%         9d1       100%        6
 Spellforged Servitor     Conj/Summ      0%         N/A       100%        7


Dungeon Overview and Level Annotations

Branches:
Dungeon (5/15)             Temple (1/1) D:5

Altars:
Dithmenos
Elyvilon
Kikubaaqudgha
Makhleb
Nemelex Xobeh
Qazlal
Ru
Sif Muna
Uskayaw
Vehumet
Yredelemnul
Zin
The Shining One


Innate Abilities, Weirdness & Mutations

You are a hulking beast.
Your limbs bulge with bestial killing power. (Slay +4)
You cannot wear most types of armour.
You are amphibious.
You can wear up to eight rings at the same time.
Your skin changes colour to match your surroundings (Stealth+).
Your rubbery body absorbs attacks. (AC +1, EV +1)
((You are camouflaged when in or above water. (Stealth+)))
You have tentacles for arms and can constrict up to eight enemies at once.


Message History

The yak gores your dart slug zombie!
Your dart slug zombie is destroyed!
A yak comes into view.
Okay, then.
Okay, then.
You hit the yak but do no damage. Lightning courses through the yak!
The yak is heavily wounded.
The yak gores you!
You puncture the yak!
The yak is heavily wounded.
The yak gores you!
You barely miss the yak.
The yak is heavily wounded.
The yak closely misses you.
A yak comes into view.
You barely miss the yak. You squeeze the yak.
The yak is severely wounded.
The yak barely misses you.
You puncture the yak! Lightning courses through the yak!
You kill the yak!
Their soul becomes fuel for the torch.
The yak gores you.
Your Dodging skill increases to level 3!
You hit the yak. You squeeze the yak.
The yak is moderately wounded.
The yak gores you!
* * * LOW HITPOINT WARNING * * *
As you read the scroll labelled REEREAC INGUTHRAHO, it crumbles to dust.
You hear a loud clanging noise!
It was a scroll of noise.
The yak barely misses you.
As you read the scroll labelled IQEW RAFFOSHRU, it crumbles to dust.
It is a scroll of enchant armour.
You aren't carrying any armour which can be enchanted further.
Your yak zombie gores the yak.
The yak completely misses you.
As you read the scroll labelled ZEUNNI ZAWUDGH, it crumbles to dust.
It is a scroll of identify.
e - a potion of curing Your yak zombie gores the yak.
The yak gores you!
You die...
Your body rises from the dead as a mindless zombie.

[## ###..#.## # ..# #......# ###
### # ..#####.###.## #....Y #
..........#.# #.#.# ### #
..#####.#.#.# #..# ....### #.##
#.....# #.# #...... #..# ###.###
#.##.#. #...##. #.##
#.#########.##.#.### ## .##
#.#.....hYY.......## # .#
#.#.######YZ)......# # .#
#.#.#### #..##.##..# +##
#......###..##.##..# # .>##
###.........##.##..# ## ...##
#####.###..##.##..# ##. ....##
##.###.# #.........# ##..
.....####...##.###.........###...
.....'.....................).'...


You could see 3 yaks and a friendly yak zombie.

Vanquished Creatures
  Grinder (D:3)
  Sigmund (D:3)
  A yak (D:5)
  Eustachio (D:4)
  2 scorpions
  A howler monkey (D:4)
  2 sleepcaps (D:5)
  An iguana (D:4)
  6 orc wizards
  An adder (D:3)
  6 dart slugs
  12 orcs
  5 ball pythons
  4 endoplasms
  7 giant cockroaches
  6 hobgoblins
  15 jackals
  5 quokkas
  5 bats
  2 frilled lizards (D:3)
  8 goblins
  6 kobolds
  7 rats
105 creatures vanquished.

Vanquished Creatures (others)
  A scorpion zombie (D:5)
  A dart slug zombie (D:5)
2 creatures vanquished.

Grand Total: 107 creatures vanquished

Notes
Turn   | Place    | Note
-------+----------+-------------------------------------------
     0 | D:1      | GiantSquids the Octopode Shapeshifter began the quest for
                  | the Orb.
     0 | D:1      | Reached XP level 1. HP: 13/13 MP: 1/1
    72 | D:1      | Reached skill level 1 in Stealth
   107 | D:1      | Reached XP level 2. HP: 11/18 MP: 2/2
   365 | D:1      | Reached XP level 3. HP: 22/23 MP: 3/3
  1567 | D:3      | Reached skill level 4 in Shapeshifting
  1643 | D:3      | Reached XP level 4. HP: 5/28 MP: 4/4
  1787 | D:3      | Reached XP level 5. HP: 17/33 MP: 5/5
  2025 | D:3      | Noticed Grinder
  2029 | D:3      | Paralysed by Grinder for 5 turns
  2047 | D:3      | Killed Grinder
  2048 | D:3      | Reached skill level 5 in Shapeshifting
  2048 | D:3      | Reached XP level 6. HP: 8/38 MP: 6/6
  2194 | D:3      | Noticed Sigmund
  2203 | D:3      | Killed Sigmund
  2204 | D:3      | Reached skill level 6 in Shapeshifting
  2204 | D:3      | Reached XP level 7. HP: 36/43 MP: 7/7
  2211 | D:3      | Found a shimmering blue altar of Sif Muna.
  2250 | D:3      | Found an ancient bone altar of Kikubaaqudgha.
  2259 | D:3      | Found a radiant altar of Vehumet.
  2264 | D:3      | Reached skill level 7 in Shapeshifting
  2546 | D:4      | Noticed Eustachio
  2554 | D:4      | Killed Eustachio
  2846 | D:4      | Reached XP level 8. HP: 36/48 MP: 8/8
  2890 | D:5      | Entered Level 5 of the Dungeon
  3114 | D:5      | Found a staircase to the Ecumenical Temple.
  3207 | Temple   | Entered the Ecumenical Temple
  3216 | Temple   | Became a worshipper of Yredelemnul the Fallen
  3385 | D:5      | Noticed a yak
  3386 | D:5      | Noticed a yak
  3392 | D:5      | Noticed a yak
  3399 | D:5      | Noticed a yak
  3401 | D:5      | Killed a yak
  3405 | D:5      | Mangled by a yak

Illustrated notes

Levels and vault maps discovered:
D:1:      dpeg_arrival_more_subterranean_lakeside_camping, layout_basic,
          minmay_ruptured
D:2:      layout_loops_ring, serial_forest, infiniplex_forest_zigzag_1,
          infiniplex_forest_lined_room_2, infiniplex_forest_lined_room_2,
          infiniplex_forest_clump_diagonal, infiniplex_forest_lined_2,
          infiniplex_forest_lined_2
D:3:      layout_loops_cross, palyth_temple_overflow_mages, uniq_grinder,
          uniq_sigmund
D:4:      layout_cave_pools, nicolae_concentric_dashed_squares_mild,
          uniq_eustachio
D:5:      layout_loops_corners, minmay_temple_entry_sparse_star,
          supply_closet_lemuel
Temple:   nicolae_temple_two_arcs

Skill      XL: |  1  2  3  4  5  6  7  8 |
---------------+-------------------------+-----
Stealth        | 1 2 3 4 |  4.0
Shapeshifting  | 4 5 6 7 |  7.9
Fighting       | 2 |  2.3
Unarmed Combat | 4 |  4.4
Dodging        | 3 |  3.0

Action                     |  1- 3 |  4- 6 |  7- 9 || total
---------------------------+-------+-------+-------++-------
  Melee: Unarmed           |    73 |    47 |    21 ||   141
         Constrict         |    21 |     8 |    21 ||    50
         Tentacles         |     8 |     9 |    19 ||    36
         Punch             |     2 |     1 |     1 ||     4
         Rapier            |       |       |    44 ||    44
 Invoke: Light the Black T |       |       |     1 ||     1
    Use: Potion            |       |     3 |       ||     3
         Scroll            |       |       |     3 ||     3
   Stab: Sleeping          |     8 |     2 |     7 ||    17
         Distracted        |     1 |       |       ||     1
 Armour: Skin              |    31 |    22 |    36 ||    89
  Dodge: Dodged            |    42 |    11 |    36 ||    89

Table legend: (Time is in decaauts)
 A = Elapsed time spent in this place.
 B = Non-inter-level travel time spent in this place.
 C = Inter-level travel time spent in this place.
 D = Time resting spent in this place.
 E = Time spent auto-exploring this place.
 F = Levels seen in this place.
 G = Mean time per level.
                   A        B        C        D        E       F      G
               +--------+--------+--------+--------+--------+-----+--------+
         Total |   3403 |   3373 |     30 |    168 |   2515 |   6 |  567.2 |
       Dungeon |   3385 |   3355 |     30 |    168 |   2515 |   5 |  677.0 |
        Temple |     18 |     18 |      0 |      0 |      0 |   1 |   18.0 |
               +--------+--------+--------+--------+--------+-----+--------+

Top non-repeatable levels by time:
     D:3: 997 daAuts
     D:1: 902 daAuts
     D:2: 562 daAuts
     D:5: 500 daAuts
     D:4: 421 daAuts
  Temple: 18 daAuts
